Map: Lueur nocturne EC

Players

Arrogfire - Winner!

  • Race: Protoss Protoss
  • League: Master

lIlIlIlIlIlI

  • Race: Protoss Protoss
  • League: Grandmaster

VOD

https://youtu.be/AfHd4AGvX7Y

Description

Time

  • Played on: July 3, 2021, 1:27 p.m.
  • Length: 11:17
Show
View Real Time Build Order
Export as new Build Order

Arrogfire Protoss - Winner!

Build Orders:  

Get SALT Encoding   

  12  0:00  Probe  
  13  0:12  Probe  
  14  0:16  Pylon  
  14  0:24  Probe (Chrono Boost)  
  16  0:35  Gateway  
  16  0:36  Probe (Chrono Boost)  
  16  0:42  Probe (Chrono Boost)  
  16  0:45  Assimilator  
  17  0:50  Probe  
  17  0:54  Assimilator  
  18  1:03  Probe (Chrono Boost)  
  19  1:08  Gateway  
  20  1:12  Probe (Chrono Boost)  
  20  1:17  Probe (Chrono Boost)  
  20  1:25  Cybernetics Core  
  21  1:29  Probe  
  22  1:37  Pylon  
  22  1:41  Probe  
  23  1:55  Probe  
  23  2:01  Warp Gate, Robotics Facility  
  24  2:04  Stalker  
  26  2:14  Stalker  
  28  2:20  Pylon  
  28  2:25  Pylon  
  28  2:34  Stalker  
  29  2:44  Stalker  
  29  2:49  Immortal (Chrono Boost)  
  35  3:02  Gateway  
  35  3:09  Sentry  
  37  3:19  Warp Prism (Chrono Boost)  
  37  3:28  Pylon  
  37  3:51  Stalker x2  
  37  3:53  Pylon  
  41  4:11  Stalker  
  41  4:14  Stalker, Sentry  
  47  4:35  Stalker  
  49  4:39  Sentry  
  49  4:45  Stalker  
  53  4:55  Pylon  
  53  4:56  Observer (Chrono Boost)  
  54  5:10  Stalker  
  54  5:12  Probe (Chrono Boost)  
  49  5:16  Stalker  
  44  5:24  Probe (Chrono Boost)  
  45  5:32  Observer  
  45  5:33  Stalker, Probe (Chrono Boost)  
  48  5:38  Probe  
  49  5:50  Probe  
  49  5:54  Stalker  
  52  6:02  Probe  
  53  6:05  Sentry  
  55  6:15  Probe (Chrono Boost)  
  57  6:27  Probe (Chrono Boost)  
  57  6:33  Probe (Chrono Boost)  
  57  6:38  Stalker x2  
  62  6:41  Probe  
  62  6:45  Pylon  
  62  6:53  Probe  
  63  7:18  Nexus  
  57  7:37  Sentry, Stalker  
  57  7:38  Stalker  
  57  7:46  Probe  
  56  7:57  Immortal (Chrono Boost)  
  52  8:04  Sentry  
  52  8:05  Sentry  
  60  8:14  Shield Battery  
  60  8:21  Shield Battery  
  58  8:31  Sentry  
  58  8:33  Probe x2 (Chrono Boost)  
  62  8:37  Sentry  
  62  8:39  Observer  
  65  8:44  Probe x2 (Chrono Boost)  
  65  8:48  Probe (Chrono Boost)  
  65  8:53  Probe  
  67  9:01  Adept x2  
  71  9:03  Adept  
  71  9:04  Probe  
  74  9:22  Stalker x2  
  78  9:25  Pylon  
  78  9:28  Assimilator  
  78  9:32  Pylon  
  78  9:37  Pylon  
  78  9:46  Probe (Chrono Boost)  
  78  9:50  Probe (Chrono Boost)  
  78  9:51  Stargate  
  80  9:52  Twilight Council  
  80  9:58  Probe (Chrono Boost)  
  82  10:01  Probe (Chrono Boost)  
  82  10:03  Probe (Chrono Boost)  
  83  10:12  Probe  
  83  10:13  Probe  
  85  10:17  Assimilator  
  85  10:22  Stalker x2, Pylon  
  85  10:23  Sentry  
  91  10:29  Pylon  
  87  10:51  Stalker x2  
  87  10:54  Stalker  
  87  11:06  Gateway  
Show
View Real Time Build Order
Export as new Build Order

lIlIlIlIlIlI Protoss 

Build Orders:  

Get SALT Encoding   

  12  0:00  Probe  
  13  0:12  Probe  
  14  0:17  Pylon  
  14  0:25  Probe (Chrono Boost)  
  16  0:37  Probe (Chrono Boost)  
  16  0:38  Gateway  
  16  0:43  Probe (Chrono Boost)  
  16  0:47  Assimilator  
  17  0:51  Probe  
  18  0:58  Assimilator  
  18  1:03  Probe (Chrono Boost)  
  19  1:08  Gateway  
  19  1:13  Probe (Chrono Boost)  
  19  1:18  Probe (Chrono Boost)  
  21  1:28  Cybernetics Core  
  21  1:30  Probe  
  22  1:35  Pylon  
  22  1:42  Probe  
  24  1:54  Probe  
  24  2:05  Stalker x2, Warp Gate  
  24  2:07  Probe  
  29  2:16  Pylon  
  29  2:29  Pylon  
  29  2:35  Stalker x2  
  33  2:44  Probe  
  33  2:49  Stargate  
  34  2:52  Shield Battery  
  34  2:58  Probe  
  35  3:08  Pylon  
  35  3:11  Stalker  
  37  3:13  Stalker  
  37  3:17  Shield Battery  
  39  3:26  Void Ray (Chrono Boost), Shield Battery  
  43  3:45  Pylon  
  43  3:51  Pylon  
  47  4:05  Oracle  
  46  4:15  Gateway  
  46  4:18  Gateway  
  46  4:26  Pylon  
  46  4:27  Pylon  
  46  4:28  Pylon  
  46  4:30  Sentry  
  48  4:37  Probe  
  48  4:53  Probe  
  48  4:54  Robotics Facility  
  49  5:12  Probe  
  46  5:16  Void Ray (Chrono Boost)  
  48  5:39  Sentry, Stalker  
  48  5:40  Zealot  
  50  5:54  Immortal (Chrono Boost)  
  51  6:08  Adept x2  
  51  6:09  Adept  
  57  6:12  Pylon  
  57  6:23  Gateway  
  57  6:26  Observer (Chrono Boost)  
  58  6:34  Adept x2  
  58  6:39  Warp Prism (Chrono Boost)  
  64  6:54  Adept  
  66  6:55  Adept x2  
  68  7:16  Adept  
  68  7:17  Adept x3  
  70  7:31  Immortal (Chrono Boost)  
  56  7:47  Stalker x2  
  42  8:03  Warp Prism  
  44  8:19  Sentry  
  46  8:21  Sentry  
  48  8:42  Immortal (Chrono Boost)  
  52  8:59  Observer  
  52  9:00  Stalker  
  54  9:10  Stalker  
  56  9:19  Sentry  
  58  9:36  Stalker  
  60  9:50  Sentry, Adept  
  60  9:52  Adept  
  66  10:21  Sentry, Adept x2  
  69  10:59  Sentry x2  
  69  11:00  Zealot x2  
Tags
 
Add a new tag
Caveats
  • Supply blocks, unpowered buildings, or Contaminate may cause inaccurate times.
  • Supply counts are checked every 10 seconds.